 Dungeon Sprint DCSS version 0.31-a0-38-g1548c4f2a5 (webtiles) character file.

Game seed: 11670558438596987137

203 fozzywoppz the Blocker (level 6, -2/55 HPs)
             Began as a Formicid Fighter on May 16, 2023.
             Was a Believer of Qazlal.
             Slain by a black draconian
             ... wielding a +0 short sword
              (16 damage)
             ... in the Dungeon (Sprint V: "Ziggurat Sprint").
             The game lasted 00:04:47 (219 turns).

fozzywoppz the Blocker (Formicid Fighter)            Turns: 219, Time: 00:04:47

Health: -2/55      AC: 22    Str: 32    XL:     6   Next: 8%
Magic:  6/6        EV:  5    Int:  8    God:    Qazlal [**....]
Gold:   0          SH: 15    Dex: 15    Spells: 5/5 levels left

rFire   + + .        C - +5 executioner's axe
rCold   + . .        b - +0 kite shield of Cyrab {rF+}
rNeg    . . .        D - +5 gold dragon scales
rPois   +            (helmet unavailable)
rElec   .            (no cloak)
rCorr   .            (no gloves)
SInv    +            c - +0 pair of boots {Fly}
Will    .....        a - amulet of magic regeneration Stlth
                     y - +6 ring of strength
HPRegen 0.29/turn    x - +6 ring of strength
MPRegen 0.50/turn

%: no passive effects
@: mighty, flying
A: permanent stasis, dig shafts and tunnels, antennae 3, four strong arms
a: Dig, Renounce Religion, Upheaval


You were in the Dungeon.
You worshipped Qazlal.
Qazlal was pleased with you.
You visited 1 branch

Inventory:

Hand Weapons
 A - the +16 obsidian axe {drain, demonic, Mesm Drain Fly SInv}
   (You found it in the Dungeon)

   Mesm:      Its wielder is mesmerised by any visible foes, and it cannot be
   unequipped while any foes are visible.
   SInv:      It lets you see invisible.
   Fly:       It grants you flight.
   Drain:     It drains your maximum health when unequipped.
 B - a +5 broad axe
 C - a +5 executioner's axe (weapon)
Armour
 b - the +0 kite shield of Cyrab (worn) {rF+}
   (You found it in the Dungeon)

   rF:        It protects you from fire.
 c - a +0 pair of boots of flying (worn)
 D - +5 gold dragon scales (worn)
Jewellery
 a - an amulet of magic regeneration (around neck)
 s - a ring of flight
 t - a +6 ring of dexterity
 u - a +6 ring of dexterity
 v - a +6 ring of intelligence
 w - a +6 ring of intelligence
 x - a +6 ring of strength (right hand)
 y - a +6 ring of strength (left hand)
Wands
 q - a wand of mindburst (7)
 r - a wand of light (7)
 z - a wand of digging (5)
Scrolls
 h - 4 scrolls of blinking
 m - 4 scrolls of amnesia
 n - 7 scrolls of fog
 o - 5 scrolls of identify
 p - 2 scrolls of fear
Potions
 d - 5 potions of might
 e - 10 potions of curing
 f - 6 potions of heal wounds
 g - 7 potions of magic
 i - 2 potions of brilliance
 j - 2 potions of invisibility
 k - 4 potions of resistance


   Skills:
 + Level 7.5 Fighting
 + Level 6.4 Axes
 + Level 7.5 Armour
 + Level 9.0 Shields


You had 5 spell levels left.
You didn't know any spells.
Your spell library contained the following spells:

 Spells                   Type           Power      Damage    Failure   Level
 Cigotuvi's Dreadful Rot  Necr/Pois/Air  0%         N/A       100%        2
 Summon Lightning Spire   Summ/Air       0%         N/A       100%        4
 Freezing Cloud           Conj/Ice/Air   0%         6-21      100%        5
 Chain Lightning          Conj/Air       0%         N/A       100%        9


Dungeon Overview and Level Annotations

Branches:
Dungeon (1/1)

Altars:
Ashenzari
Cheibriados
Dithmenos
Elyvilon
Fedhas
Gozag
Hepliaklqana
Kikubaaqudgha
Makhleb
Nemelex Xobeh
Okawaru
Qazlal
Ru
Sif Muna
Trog
Uskayaw
Vehumet
Wu Jian
Xom
Yredelemnul
Zin
The Shining One
Jiyva
Lugonu

Annotations:
D 1 transporter


Innate Abilities, Weirdness & Mutations

You cannot be hasted, slowed, berserked, paralysed or teleported.
You can dig through walls and to a lower floor.
You have a pair of large antennae on your head. (SInv)
Your four strong arms can wield two-handed weapons with a shield.


Message History

The draconian hits you with a +0 flail. You block the black draconian's attack.
Unknown command.
You feel much better. You block the draconian's attack.
The draconian hits you with a +0 flail. The draconian barely misses you.
You closely miss the draconian.
The draconian is moderately wounded.
You slash the draconian! You closely miss the black draconian.
You block the draconian's attack.
The draconian hits you but does no damage.
The draconian hits you with a +0 club!
The black draconian hits you with a +0 short sword.
You feel very mighty all of a sudden. The draconian hits you with a +0 flail!
You block the draconian's attack. The draconian barely misses you.
You block the black draconian's attack.
You feel much better.
The draconian hits you but does no damage.
The draconian barely misses you.
The black draconian hits you with a +0 short sword!
The draconian hits you but does no damage.
Unknown command.
You slice the draconian!!
The draconian is almost dead.
You hit the draconian. You hit the black draconian.
The draconian hits you but does no damage.
You block the draconian's attack. The draconian barely misses you.
You block the black draconian's attack. The draconian hits you with a +0 flail!
The draconian hits you with a +0 club.
The draconian hits you from afar with a +0 trident.
* * * LOW HITPOINT WARNING * * *
The black draconian hits you but does no damage.
You slash the draconian!
The draconian is heavily wounded.
You hit the draconian but do no damage.
You completely miss the black draconian.
You block the draconian's attack.
The draconian hits you but does no damage.
The draconian hits you with a +0 club.
* * * LOW HITPOINT WARNING * * *
The black draconian hits you with a +0 short sword!
You die...

▓..)..▓.....▓..©..▓
▓..©..▓..©..▓▓▓▓▓▓▓
▓▓▓▓▓▓▓▓▓▓▓▓▓▓
▓..8©8...▓
▓..==)...▓ {{{
▓...|....▓ { {
▓....d...▓
▓...d....▓
▓.▓.d@d▓.▓
▓...©....▓
▓▓▓▓▓▓▓▓▓▓


{{{{ {{{ You could see a black draconian and 3 draconians.

Vanquished Creatures
  A phantom (D)
  A quasit (D)
  2 orc priests (D)
  An orc wizard (D)
  An ufetubus (D)
  An orc (D)
  A bat skeleton (D)
  A ball python skeleton (D)
9 creatures vanquished.

Notes
Turn   | Place    | Note
-------+----------+-------------------------------------------
     0 | D        | fozzywoppz the Formicid Fighter began the quest for the
                  | Orb.
     0 | D        | Reached XP level 1. HP: 18/18 MP: 1/1
     0 | D        | Found a shimmering blue altar of Sif Muna.
     0 | D        | Found a sacrificial altar of Ru.
     0 | D        | Found a bloodstained altar of Trog.
     0 | D        | Found a stormy altar of Qazlal.
     0 | D        | Found an iron altar of Okawaru.
     0 | D        | Found a sparkling altar of Nemelex Xobeh.
     0 | D        | Found a blossoming altar of Fedhas.
     0 | D        | Found the +6 Majin-Bo {spellvamp, MP+6 Int+6}
     0 | D        | Found the +27 heavy crossbow "Sniper" {heavy, Acc+∞ SInv}
     0 | D        | Found the +10 dark maul {heavy}
     0 | D        | Found the +15 Maxwell's patent armour {-Cast -Tele rElec
                  | Will+ rCorr}
     0 | D        | Found the +18 shield of the Gong {Loud rN+ Will+ rCorr
                  | EV-5}
     0 | D        | Found the +16 obsidian axe {drain, demonic, Mesm Drain Fly
                  | SInv}
     0 | D        | Found the +7 great mace "Firestarter" {flame, immolate,
                  | rFlCloud rF++}
     0 | D        | Found the +6 shillelagh "Devastator" {shatter}
     0 | D        | Found the +11 plutonium sword {Contam Stlth-}
     0 | D        | Found the +8 lance "Wyrmbane" {slay drac, rPois rF+ rC+
                  | AC+3}
     0 | D        | Found the +9 sword of Zonguldrok {reap}
     0 | D        | Found the +13 scythe of Curses {drain, curses, Drain}
     0 | D        | Found the +9 sword of Power {lifebolt}
     0 | D        | Found the +7 mace of Variability {chaos, chaos arc}
     0 | D        | Found the +11 Singing Sword {sonic wave}
     0 | D        | Found the +8 storm bow {elec, penet}
     2 | D        | Found a transporter.
     2 | D        | Found an ancient bone altar of Kikubaaqudgha.
     2 | D        | Found a viscous altar of Jiyva.
     2 | D        | Found a corrupted altar of Lugonu.
     2 | D        | Found a hazy altar of Hepliaklqana.
     2 | D        | Found a burning altar of Makhleb.
     2 | D        | Found an opulent altar of Gozag.
    71 | D        | Reached skill level 5 in Fighting
    71 | D        | Reached skill level 5 in Armour
    71 | D        | Reached skill level 6 in Shields
    71 | D        | Reached XP level 2. HP: 27/27 MP: 2/2
    97 | D        | Became a worshipper of Qazlal Stormbringer
   128 | D        | Entered arena 2.
   128 | D        | Noticed a quasit
   128 | D        | Found a transporter.
   136 | D        | Killed a quasit
   137 | D        | Reached skill level 7 in Shields
   137 | D        | Reached XP level 3. HP: 30/34 MP: 3/3
   144 | D        | Entered arena 3.
   144 | D        | Noticed a phantom
   144 | D        | Found a transporter.
   146 | D        | Reached * piety under Qazlal
   149 | D        | Killed a phantom
   150 | D        | Reached skill level 5 in Axes
   150 | D        | Reached skill level 8 in Shields
   150 | D        | Reached XP level 4. HP: 41/41 MP: 4/4
   150 | D        | Reached XP level 5. HP: 47/47 MP: 5/5
   160 | D        | Got the +0 kite shield of Cyrab {rF+}
   186 | D        | Entered arena 4.
   186 | D        | Found a transporter.
   189 | D        | Reached ** piety under Qazlal
   194 | D        | Reached skill level 9 in Shields
   194 | D        | Reached XP level 6. HP: 49/55 MP: 6/6
   203 | D        | Got Utak's Papyrus of Ceraunoscopy
   209 | D        | Entered arena 5.
   209 | D        | Noticed a black draconian
   209 | D        | Noticed a draconian
   209 | D        | Noticed a draconian
   209 | D        | Noticed a draconian
   209 | D        | Found a transporter.
   219 | D        | Slain by a black draconian

Illustrated notes

Levels and vault maps discovered:
D:        sprint_v [room_start, room_1, room_2, room_3, room_4, room_5, room_6,
          room_7, room_8, room_9, room_10, room_11, room_12, room_13, room_14,
          room_15, room_16, room_17, room_18, room_19, room_20, room_21,
          room_22, room_23, room_24, room_25, room_26, room_27]

Skill      XL: |  1  2  3  4  5 |
---------------+----------------+-----
Fighting       | 5 6 7 |  7.5
Axes           | 4 5 6 |  6.4
Armour         | 5 6 7 |  7.5
Shields        | 6 7 8 9 |  9.0

Action                     |  1- 3 |  4- 6 || total
---------------------------+-------+-------++-------
  Melee: Executioner's axe |    10 |    12 ||    22
    Use: Potion            |     1 |     5 ||     6
 Armour: Gold dragon scale |    34 |    10 ||    44
  Dodge: Dodged            |    11 |     7 ||    18
  Block: Kite shield       |    19 |    16 ||    35

Table legend: (Time is in decaauts)
 A = Elapsed time spent in this place.
 B = Non-inter-level travel time spent in this place.
 C = Inter-level travel time spent in this place.
 D = Time resting spent in this place.
 E = Time spent auto-exploring this place.
 F = Levels seen in this place.
 G = Mean time per level.
                   A        B        C        D        E       F      G
               +--------+--------+--------+--------+--------+-----+--------+
         Total |    229 |    229 |      0 |      0 |      0 |   1 |  229.0 |
       Dungeon |    229 |    229 |      0 |      0 |      0 |   1 |  229.0 |
               +--------+--------+--------+--------+--------+-----+--------+

Top non-repeatable levels by time:
       D: 229 daAuts
